 Dungeon Crawl Stone Soup version 0.31.0-11-ge490571c62 (webtiles) character file.

Game seed: 12759435193418966460

99 qw the Shooter (level 4, -1/22 HPs)
             Began as a Spriggan Hunter on Feb 3, 2024.
             Slain by an ogre
             ... wielding a +0 giant club
              (23 damage)
             ... on level 3 of the Dungeon.
             The game lasted 00:00:05 (1641 turns).

qw the Shooter (Spriggan Hunter)                    Turns: 1641, Time: 00:00:05

Health: -1/22      AC:  4    Str:  7    XL:     4   Next: 45%
Magic:  5/5        EV: 19    Int: 10    God:
Gold:   62         SH:  0    Dex: 20    Spells: 3/3 levels left

rFire   . . .        a - +1 shortbow
rCold   + . .        (shield currently unavailable)
rNeg    . . .        d - +2 robe {rC+}
rPois   .            (helmet restricted)
rElec   .            (no cloak)
rCorr   .            (gloves unavailable)
SInv    +            (boots unavailable)
Will    .....        (no amulet)
Stlth   ++           (no ring)
HPRegen 0.23/turn    (no ring)
MPRegen 0.09/turn

%: no passive effects
@: very quick
A: very small, no large weapons, unfitting armour, see invisible, speed 3
a: no special abilities


You were on level 3 of the Dungeon.
You visited 1 branch of the dungeon, and saw 3 of its levels.

You collected 62 gold pieces.


Innate Abilities, Weirdness & Mutations

You are very small and have problems with some larger weapons.
You are too small for most types of armour.
You have supernaturally acute eyesight. (SInv)
You cover ground extremely quickly. (Speed+++)


   Skills:
 - Level 1.5 Fighting
 - Level 5.2 Ranged Weapons
 + Level 4.5 Dodging
 - Level 1.5 Stealth


You had 3 spell levels left.
You didn't know any spells.
Your spell library was empty.

Inventory:

Hand Weapons
 a - a +1 shortbow (weapon)
Armour
 d - a +2 robe of cold resistance (worn)
Wands
 e - a wand of roots (6)
Scrolls
 b - a scroll of poison {unknown}
Potions
 c - a potion of curing {unknown}
 g - a potion of heal wounds

Dungeon Overview and Level Annotations

Branches:
Dungeon (3/15)

Altars:
Gozag


Message History

Found a ring mail.
b - a scroll labelled COBBANECEY
c - a purple potion You now have 62 gold pieces (gained 10).
e - a wand of roots (6)
You hear the slow rusting of a very distant drain.
An orc comes into view. It is wielding a +0 dagger.
The orc shouts!
You shoot an arrow. The arrow barely misses the orc.
You shoot an arrow. The arrow closely misses the orc.
The orc closely misses you.
You shoot an arrow. The arrow hits the orc!
You kill the orc!
You see here a +0 dagger.
A hobgoblin comes into view.
You shoot an arrow.
The arrow hits the hobgoblin but does no damage.
The hobgoblin shouts!
You shoot an arrow. The arrow hits the hobgoblin.
The hobgoblin is almost dead.
You shoot an arrow. The arrow barely misses the hobgoblin.
You shoot an arrow. The arrow hits the hobgoblin.
You kill the hobgoblin!
An ogre comes into view. It is wielding a +0 giant club.
The ogre shouts!
An endoplasm comes into view.
You shoot an arrow. The endoplasm quivers.
The arrow hits the ogre.
The ogre is lightly wounded.
You shoot an arrow. The arrow barely misses the ogre.
You shoot an arrow. The arrow hits the ogre.
The ogre is moderately wounded.
You shoot an arrow. The arrow hits the ogre!
The ogre is heavily wounded.
You shoot an arrow. The arrow hits the ogre!
The ogre is almost dead.
The ogre hits you with a +0 giant club!!
Ouch! That really hurt!
You die...

.# .# .. ##. ## .J
.. .## #. ##O.# ###
#. ##@# #..
#.#.####### #.#
#........# #.#
########.# #%# #.#
#.#
#######.#########.#
#.............##...
#.#####.#####.##..#
#.# #.##..#


You could see an ogre and an endoplasm.

Vanquished Creatures
  Jessica (D:2)
  An adder (D:2)
  2 ribbon worms (D:2)
  A dart slug (D:2)
  An orc (D:3)
  6 ball pythons
  4 bats
  3 endoplasms
  A giant cockroach (D:1)
  3 goblins
  7 hobgoblins
  5 jackals (D:1)
  6 kobolds
  3 quokkas (D:2)
  2 frilled lizards
  3 rats
49 creatures vanquished.

Notes
Turn   | Place    | Note
-------+----------+-------------------------------------------
     0 | D:1      | qw the Spriggan Hunter began the quest for the Orb.
     0 | D:1      | Reached XP level 1. HP: 10/10 MP: 2/2
     0 | D:1      | 0 ||| qw: Version: 0.3-a-158-g18b3111
     0 | D:1      | 0 ||| qw: Game counter: 4226
     0 | D:1      | 0 ||| qw: Melee chars always use a shield: true
     0 | D:1      | 0 ||| qw: God list: Okawaru
     0 | D:1      | 0 ||| qw: Allow faded altars: false
     0 | D:1      | 0 ||| qw: Do Orc after clearing Dungeon:15 true
     0 | D:1      | 0 ||| qw: Do second Lair branch before Depths: true
     0 | D:1      | 0 ||| qw: Lair rune preference: random
     0 | D:1      | 0 ||| qw: Goals: Normal
     0 | D:1      | 0 ||| PLANNING D:1-11
    31 | D:1      | Reached skill level 3 in Dodging
    72 | D:1      | Reached XP level 2. HP: 14/14 MP: 3/3
   660 | D:1      | 660 ||| READING scroll labelled DEGOLI NUPHEZ.
   660 | D:1      | 660 ||| ENCHANTING +0 shortbow.
   661 | D:1      | 661 ||| READING 2 scrolls labelled TIXEKKU AXYOKH.
   661 | D:1      | 661 ||| IDENTIFYING red potion
   662 | D:1      | 662 ||| READING scroll of identify.
   662 | D:1      | 662 ||| IDENTIFYING scroll labelled KATU ONOEKHLOUB
   663 | D:1      | 663 ||| READING scroll of enchant weapon.
   663 | D:1      | 663 ||| ENCHANTING +0 shortbow.
   664 | D:1      | 664 ||| READING scroll labelled XARHU KYDOM.
   668 | D:1      | 668 ||| DROPPING scroll of butterflies.
   736 | D:2      | Reached XP level 3. HP: 18/18 MP: 4/4
   888 | D:2      | 888 ||| FLEEEEING.
   940 | D:2      | Found an opulent altar of Gozag.
  1010 | D:2      | Noticed Jessica
  1019 | D:2      | Killed Jessica
  1020 | D:2      | Reached skill level 5 in Ranged Weapons
  1020 | D:2      | Reached XP level 4. HP: 18/22 MP: 5/5
  1474 | D:2      | 1474 ||| UPGRADING to +2 robe of cold resistance.
  1484 | D:2      | 1484 ||| DROPPING +0 robe.
  1485 | D:2      | 1485 ||| READING scroll of identify.
  1485 | D:2      | 1485 ||| IDENTIFYING scroll labelled TEQ LEERENTYESCH
  1486 | D:2      | 1486 ||| DROPPING scroll of fear.
  1520 | D:3      | 1520 ||| PLANNING SEWER
  1522 | D:3      | 1522 ||| STAIRDANCE
  1636 | D:3      | Noticed an ogre
  1641 | D:3      | Slain by an ogre

Levels and vault maps discovered:
D:1:      psy_arrival_heroes, layout_loops_ring
D:2:      layout_basic, basic_altar, kennysheep_small_spiral, uniq_jessica
D:3:      layout_loops_ring, lemuel_doored_altar, gup_sewer_entry_pipe,
          uniq_terence

Skill      XL: |  1  2  3 |
---------------+----------+-----
Dodging        | 3 4 |  4.5
Ranged Weapons | 5 |  5.2
Fighting       | |  1.5
Stealth        | |  1.5

Action                     |  1- 3 |  4- 6 || total
---------------------------+-------+-------++-------
   Fire: Shortbow          |    99 |    48 ||   147
    Use: Scroll            |     5 |     1 ||     6
 Armour: Robe              |     6 |     3 ||     9
  Dodge: Dodged            |    37 |    17 ||    54

Table legend:
 A = Non-vault XP
 B = Vault XP
 C = Vault XP percentage of total XP
 D = Non-vault monster count
 E = Vault monster count
 F = Vault count percentage of total count
                 A         B        C        D         E       F
            +---------+---------+-------+---------+---------+-------
      Total |     105 |      37 |  26.1 |      48 |       1 |   2.0
            +---------+---------+-------+---------+---------+-------
        D:1 |      38 |       0 |   0.0 |      20 |       0 |   0.0
        D:2 |      60 |      37 |  38.1 |      25 |       1 |   3.8
        D:3 |       7 |       0 |   0.0 |       3 |       0 |   0.0
            +---------+---------+-------+---------+---------+-------
